 Dungeon Crawl Stone Soup version 0.30-a0-585-g93115170b9 (webtiles) character file.

Game seed: 8275034099430852146

9718 Newt the Fighter (level 11, -8/85 HPs)
             Began as a Demonspawn Gladiator on Jan 2, 2023.
             Was a Priest of Hepliaklqana.
             Mangled by a skeletal warrior
             ... wielding a +0 glaive
              (31 damage)
             ... on level 9 of the Dungeon.
             The game lasted 00:13:18 (10707 turns).

Newt the Fighter (Demonspawn Gladiator)            Turns: 10707, Time: 00:13:19

Health: -8/85      AC:  7    Str: 15    XL:     11   Next: 26%
Magic:  11/21      EV: 14    Int: 12    God:    Hepliaklqana [***...]
Gold:   440        SH:  7    Dex: 28    Spells: 17/24 levels left

rFire   . . .      SeeInvis .    H - +2 dagger (venom)
rCold   . . .      Faith    .    u - +0 buckler
rNeg    . . .      Spirit   .    b - +0 leather armour
rPois   .          Reflect  .    (helmet restricted)
rElec   .          Harm     .    A - +0 cloak {Will+}
rCorr   +          Rampage  .    j - +2 pair of gloves {infuse}
Will    +....                    (no boots)
Stlth   +++++++                  (no amulet)
HPRegen 0.34/turn                q - +6 ring of dexterity
MPRegen 0.17/turn                s - ring of resist corrosion

@: freezing walls, studying Fighting
A: reduced essence, horns 2, thin skeletal structure 3, powered by death 1,
demonic magic 2
a: Renounce Religion, Recall Ancestor, Ancestor Identity, Transference


You were on level 9 of the Dungeon.
You worshipped Hepliaklqana.
Hepliaklqana was most pleased with you.
You visited 1 branch of the dungeon, and saw 9 of its levels.
You also visited: Bailey.

You collected 440 gold pieces.

Inventory:

Hand Weapons
 a - a +0 rapier
 o - a +1 dagger of venom
 H - a +2 dagger of venom (weapon)
Missiles
 d - 3 throwing nets
 e - 4 javelins
 i - 5 atropa-tipped darts
Armour
 b - a +0 leather armour (worn)
 c - a +0 helmet
 j - a +2 pair of gloves of infusion (worn)
 u - a +0 buckler (worn)
 A - a +0 cloak of willpower (worn)
Jewellery
 q - a +6 ring of dexterity (left hand)
 s - a ring of resist corrosion (right hand)
 C - the amulet of Elemental Vulnerability {rPois rF-- rC-- AC+8}
   (You found it on level 5 of the Dungeon)

   [amulet of nothing]

   AC:        It affects your AC (+8).
   rF:        It makes you very vulnerable to fire.
   rC:        It makes you very vulnerable to cold.
   rPois:     It protects you from poison.
 F - a ring of fire
 G - a ring of fire
 M - a ring of flight
 N - a +6 ring of dexterity
Wands
 D - a wand of mindburst (10)
 I - a wand of flame (11)
 J - a wand of roots (4)
Scrolls
 g - 3 scrolls of teleportation
 l - a scroll of poison
 p - 2 scrolls of silence
 r - a scroll of fog
 v - 3 scrolls of vulnerability
 y - 4 scrolls of immolation
 z - a scroll of amnesia
 E - a scroll of magic mapping {unknown}
 K - 4 scrolls of identify
 L - a scroll of torment {unknown}
 P - a scroll of enchant weapon {unknown}
Potions
 f - 5 potions of heal wounds
 h - 3 potions of might
 k - a potion of flight
 m - 3 potions of degeneration
 n - 5 potions of curing
 t - 2 potions of lignification
 w - 3 potions of brilliance {unknown}
 x - 3 potions of attraction
 B - a potion of invisibility {unknown}
Miscellaneous
 O - a lightning rod (4/4)


   Skills:
 - Level 11.9 Fighting
 - Level 5.0 Short Blades
 - Level 1.7 Throwing
 + Level 3.2 Armour
 - Level 4.0 Dodging
 - Level 6.0 Stealth
 - Level 5.0 Shields
 - Level 7.2 Spellcasting
 - Level 5.0 Conjurations
 - Level 7.3 Ice Magic


You had 17 spell levels left.
You knew the following spells:

 Your Spells              Type           Power      Damage    Failure   Level
a - Freeze                Ice            84%        1d9       1%          1
b - Frozen Ramparts       Ice            42%        1d7       3%          3
c - Hailstorm             Conj/Ice       19%        3d6       6%          3

Your spell library contained the following spells:

 Spells                   Type           Power      Damage    Failure   Level
 Static Discharge         Conj/Air       20%        2-3/arc   14%         2
 Sandblast                Erth           8%         2d5       26%         1
 Stone Arrow              Conj/Erth      20%        3d8       26%         3
 Passwall                 Tmut/Erth      3%         N/A       36%         2
 Ignite Poison            Fire/Tmut/Pois 4%         N/A       58%         3
 Kindle Blastsparks       Fire/Tloc/Air  8%         2d10      58%         3
 Vhi's Electric Charge    Tloc/Air       8%         N/A       58%         3
 Freezing Cloud           Conj/Ice/Air   7%         6-21      77%         5
 Airstrike                Air            2%         2d(1-17)  94%         4
 Summon Lightning Spire   Summ/Air       4%         N/A       94%         4
 Arcjolt                  Conj/Air       5%         1d15      94%         5
 Lightning Bolt           Conj/Air       5%         1d17      94%         5
 Maxwell's Capacitive Co  Air            2%         ∞         100%        8


Dungeon Overview and Level Annotations

Branches:
Dungeon (9/15)             Temple (0/1) D:4            Lair (0/5) D:8
 Bailey (visited)
    Orc: D:9-12

Altars:
Ashenzari
Cheibriados
Fedhas
Hepliaklqana
Makhleb
Nemelex Xobeh
Trog
Uskayaw
Xom
Yredelemnul


Innate Abilities, Weirdness & Mutations

Your life essence is reduced to manifest your ancestor. (-10% HP)
You have a pair of horns on your head.
You have an unnaturally thin skeletal structure. (Dex +6, Stealth+++)
You regenerate a little health from kills.
Spells you cast may paralyse nearby enemies.


Message History

Press: ? - help, Q - select action, (/) - cycle Shift-Dir - straight line, f/p - skeletal warrior
Aim: a skeletal warrior, wielding a +0 flail (severely damaged, ally target)
You freeze the skeletal warrior.
The skeletal warrior resists.
The skeletal warrior is severely damaged.
Malevolent energies surge around you.
You block the skeletal warrior's attack.
Aiming: Freeze (safe; 1% risk of failure)
Press: ? - help, Q - select action, (/) - cycle Shift-Dir - straight line, f/p - skeletal warrior
Aim: a skeletal warrior, wielding a +0 flail (severely damaged, ally target)
You freeze the skeletal warrior.
The skeletal warrior resists.
The skeletal warrior is severely damaged.
Malevolent energies surge around you. The skeletal warrior barely misses you.
The skeletal warrior hits you from afar with a +0 glaive!
Casting: Freeze (safe; 1% risk of failure)
Confirm with . or Enter, or press ? or * to list all spells.
Casting: Frozen Ramparts (mildly dangerous; 3% risk of failure)
Press: ? - help, Dir - look around, f - activate The walls around you are covered in ice.
Malevolent energies surge around you.
The wall freezes the skeletal warrior but does no damage.
The skeletal warrior hits you with a +0 flail.
The wall freezes the skeletal warrior but does no damage.
The skeletal warrior hits you from afar with a +0 glaive!
You closely miss the skeletal warrior.
The skeletal warrior is severely damaged.
You hit the skeletal warrior but do no damage.
You headbutt the skeletal warrior, but do no damage.
The skeletal warrior is severely damaged.
The wall freezes the skeletal warrior but does no damage.
The skeletal warrior hits you with a +0 flail.
The skeletal warrior resists.
The wall freezes the skeletal warrior.
The skeletal warrior hits you from afar with a +0 glaive!!
* * * LOW HITPOINT WARNING * * *
You feel much better.
The wall freezes the skeletal warrior but does no damage.
The skeletal warrior hits you but does no damage.
The wall freezes the skeletal warrior but does no damage.
The skeletal warrior hits you from afar with a +0 glaive!!
You die...

#.# ##.#######
#.........
#########..#####.#
......zz......##.#
#############.##.###.
#..z..... #.##z####
##.##@# ##.#.#R#
########.###<)#
#.......## ##)########
#.######R###)[)......#
#.# #.#
##.#R#.######.# #.#
#.# ##<##......... #.#
#.# ##########.#. ...
#.# #.#


You could see the friendly Khabaw the battlemage and 2 skeletal warriors.

Vanquished Creatures
  The ghost of Newt the Chopper, a novice DsGl of Hepliaklqana (D:8)
  An orc knight (Bailey)
  A hornet (D:8)
  Sigmund (D:6)
  A wyvern (D:8)
  A water moccasin (D:8)
  An ice beast (D:5)
  14 orc warriors (Bailey)
  3 black bears
  3 ogres
  3 centaurs
  2 phantoms
  A kobold brigand (D:8)
  A necrophage (D:6)
  5 bullfrogs
  3 gnoll sergeants
  2 scorpions
  4 wights
  Dowan (D:7)
  A howler monkey (D:5)
  4 quasits (D:8)
  Crazy Yiuf (D:4)
  2 jellies
  4 hounds
  2 gnoll boudas
  12 orc priests
  4 iguanas
  4 orc wizards
  Robin (D:3)
  15 gnolls
  4 adders
  A white imp (D:8)
  2 worms (D:2)
  3 dart slugs
  33 orcs
  11 ball pythons
  3 bats
  3 endoplasms
  6 giant cockroaches
  14 goblins
  13 hobgoblins
  8 jackals (D:3)
  20 kobolds
  3 quokkas
  2 frilled lizards
  4 rats
229 creatures vanquished.

Vanquished Creatures (collateral kills)
  A komodo dragon (D:8)
  A wyvern (D:9)
  A steam dragon (D:8)
  Duvessa (D:7)
  An ice beast (D:6)
  2 orc warriors (D:8)
  An ogre (D:6)
  A black bear (D:8)
  2 bullfrogs (D:8)
  An orc priest (D:7)
  A gnoll (D:9)
  2 orcs
  A hobgoblin (D:6)
  3 kobolds
19 creatures vanquished.

Vanquished Creatures (others)
  2 battlemagi
  An ufetubus (D:7)
  11 fungi (D:8)
  15 plants (D:8)
29 creatures vanquished.

Grand Total: 277 creatures vanquished

Notes
Turn   | Place    | Note
-------+----------+-------------------------------------------
     0 | D:1      | Newt the Demonspawn Gladiator began the quest for the Orb.
     0 | D:1      | Reached XP level 1. HP: 16/16 MP: 1/1
    57 | D:1      | Reached skill level 1 in Stealth
    88 | D:1      | Gained mutation: You have a somewhat thin skeletal
                  | structure. (Dex +2, Stealth+) [demonic ancestry]
    88 | D:1      | Reached XP level 2. HP: 13/22 MP: 2/2
   770 | D:2      | Reached XP level 3. HP: 16/28 MP: 3/3
  1050 | D:2      | Reached skill level 3 in Fighting
  2016 | D:3      | Gained mutation: You regenerate a little health from kills.
                  | [demonic ancestry]
  2016 | D:3      | Reached XP level 4. HP: 35/35 MP: 4/4
  2025 | D:3      | Identified a scroll of acquirement
  2025 | D:3      | Acquired a +2 pair of gloves of infusion
  2266 | D:3      | Noticed Robin
  2303 | D:3      | Killed Robin
  2634 | D:3      | Gained mutation: Spells you cast may paralyse adjacent
                  | enemies. [demonic ancestry]
  2634 | D:3      | Reached XP level 5. HP: 41/41 MP: 3/5
  3088 | D:4      | Gained mutation: Spells you cast may paralyse nearby
                  | enemies. [demonic ancestry]
  3088 | D:4      | Reached XP level 6. HP: 38/47 MP: 0/6
  3162 | D:4      | Learned a level 1 spell: Freeze
  3193 | D:4      | You fall into a shaft and drop 3 floors!
  3210 | D:7      | Found a sparkling altar of Nemelex Xobeh.
  3240 | D:7      | Reached skill level 5 in Short Blades
  3285 | D:7      | Found a flagged portal.
  3299 | Bailey   | Entered a bailey
  3364 | Bailey   | Noticed an orc warrior
  3376 | Bailey   | Killed an orc warrior
  3377 | Bailey   | Reached XP level 7. HP: 52/52 MP: 4/7
  3421 | Bailey   | Reached skill level 5 in Stealth
  3793 | Bailey   | HP: 2/52 [orc warrior/bolt (8)]
  3796 | Bailey   | Reached skill level 4 in Fighting
  3796 | Bailey   | Gained mutation: You have a pair of small horns on your
                  | head. [demonic ancestry]
  3796 | Bailey   | Reached XP level 8. HP: 3/61 MP: 1/8
  3799 | Bailey   | Reached skill level 5 in Fighting
  4556 | Bailey   | Learned a level 3 spell: Frozen Ramparts
  4576 | Bailey   | Noticed an orc knight
  4635 | Bailey   | Killed an orc knight
  4636 | Bailey   | Reached skill level 6 in Fighting
  4636 | Bailey   | Gained mutation: You have a pair of horns on your head.
                  | [demonic ancestry]
  4636 | Bailey   | Reached XP level 9. HP: 14/71 MP: 4/15
  5141 | Bailey   | Reached skill level 7 in Fighting
  5150 | Bailey   | Reached skill level 11 in Fighting
  5150 | Bailey   | Gained mutation: You have a moderately thin skeletal
                  | structure. (Dex +4, Stealth++) [demonic ancestry]
  5150 | Bailey   | Reached XP level 10. HP: 89/89 MP: 15/20
  5370 | D:7      | Reached skill level 1 in Shields
  5450 | D:7      | Noticed Dowan
  5452 | D:7      | Noticed Duvessa
  5698 | D:5      | Entered Level 5 of the Dungeon
  5874 | D:4      | Noticed a +0 falchion
  5874 | D:4      | Noticed a +0 spear
  5878 | D:4      | Noticed a +0 dagger
  5878 | D:4      | Noticed a +0 falchion
  5879 | D:4      | Noticed a +0 short sword
  5879 | D:4      | Noticed a +0 spear
  5879 | D:4      | Noticed a +0 short sword
  5921 | D:4      | Noticed a +0 dagger
  5927 | D:4      | Found a hide-covered altar of Uskayaw.
  6001 | D:4      | Found a snail-covered altar of Cheibriados.
  6001 | D:4      | Found a blossoming altar of Fedhas.
  6001 | D:4      | Found a hazy altar of Hepliaklqana.
  6002 | D:4      | Found a basalt altar of Yredelemnul.
  6005 | D:4      | Found a broken altar of Ashenzari.
  6009 | D:4      | Became a worshipper of Hepliaklqana the Forgotten
  6044 | D:4      | Found a runed translucent door.
  6045 | D:4      | Noticed Crazy Yiuf
  6196 | D:4      | Found a staircase to the Ecumenical Temple.
  6392 | D:4      | Killed Crazy Yiuf
  6611 | D:5      | Found a burning altar of Makhleb.
  6992 | D:5      | Found a shimmering altar of Xom.
  7139 | D:5      | Reached * piety under Hepliaklqana
  7271 | D:5      | Found the amulet of Elemental Vulnerability {rPois rF--
                  | rC-- AC+8}
  7464 | D:6      | Found a bloodstained altar of Trog.
  7695 | D:6      | Learned a level 3 spell: Hailstorm
  8310 | D:6      | Noticed Sigmund
  8315 | D:6      | Killed Sigmund
  8316 | D:6      | Reached skill level 5 in Shields
  8699 | D:7      | Reached ** piety under Hepliaklqana
  8700 | D:7      | Remembered your ancestor Khabaw as a battlemage
  8756 | D:7      | Reached skill level 1 in Conjurations
  8925 | D:7      | Killed Duvessa
  8926 | D:7      | Killed Dowan
  9207 | D:8      | Found a staircase to the Lair.
  9215 | D:8      | Gained mutation: You have an unnaturally thin skeletal
                  | structure. (Dex +6, Stealth+++) [demonic ancestry]
  9215 | D:8      | Reached XP level 11. HP: 70/85 MP: 11/21
  9564 | D:8      | Reached skill level 5 in Conjurations
  9571 | D:8      | Noticed Newt's ghost (novice DsGl)
  9614 | D:8      | Found a transporter.
  9643 | D:8      | Found a transporter.
 10019 | D:8      | Reached skill level 1 in Armour
 10025 | D:8      | Killed Newt's ghost
 10167 | D:9      | Reached *** piety under Hepliaklqana
 10525 | D:9      | Noticed a skeletal warrior
 10529 | D:9      | Noticed a skeletal warrior
 10533 | D:9      | Noticed a skeletal warrior
 10706 | D:9      | HP: 2/85 [skeletal warrior/+0 glaive (25)]
 10707 | D:9      | Mangled by a skeletal warrior

Illustrated notes

Levels and vault maps discovered:
D:1:      tarquinn_simple_flora_water_c, layout_basic
D:2:      minmay_evil_eye, layout_loops_corners
D:3:      layout_loops_ring, kennysheep_orc_chapel, uniq_robin
D:4:      layout_cave_pools, nicolae_uskayaw_en_pointe, minitemple,
          minmay_temple_entry_glassed_door,
          nicolae_ossuary_entry_false_entrances, uniq_crazy_yiuf_cottage
D:5:      layout_loops_ring, mainiacjoe_overflow_paths,
          mainiacjoe_overflow_surrounded_room
D:6:      kennysheep_housing_project, layout_cave_pods,
          mainiacjoe_overflow_small_starburst, nicolae_overflow_hidden_temple,
          uniq_sigmund
D:7:      layout_basic, mainiacjoe_overflow_six_doors_small, enter_bailey_3,
          uniq_duvessa
D:8:      layout_basic, due_lair_maze_entry_diamond, gammafunk_ghost_stat_death
D:9:      layout_loops_ring

Skill      XL: |  1  2  3  4  5  6  7  8  9 10 11 |
---------------+----------------------------------+-----
Stealth        | 1 2 4 6 |  6.0
Fighting       | 3 4 6 11 | 11.9
Short Blades   | 3 4 5 |  5.0
Dodging        | 4 |  4.0
Spellcasting   | 4 7 |  7.2
Ice Magic      | 4 7 |  7.3
Shields        | 5 |  5.0
Conjurations   | 3 5 |  5.0
Armour         | 3 |  3.2
Throwing       | |  1.7

Action                   |  1- 3 |  4- 6 |  7- 9 | 10-12 || total
-------------------------+-------+-------+-------+-------++-------
Melee: Rapier            |   118 |       |       |       ||   118
       Punch             |     1 |       |     2 |       ||     3
       Dagger            |    12 |   127 |    87 |   257 ||   483
       Headbutt          |       |       |    12 |    64 ||    76
Throw: Throwing net      |     1 |       |     3 |       ||     4
       Dart              |       |       |     2 |       ||     2
 Cast: Freeze            |       |       |     2 |    38 ||    40
       Frozen Ramparts   |       |       |       |     5 ||     5
Invok: Ancestor Life: Ba |       |       |       |     1 ||     1
  Use: Scroll            |     1 |     3 |       |     6 ||    10
       Potion            |       |       |     4 |     3 ||     7
 Stab: Sleeping          |    10 |     6 |     5 |    12 ||    33
       Held in net/web   |       |       |     2 |       ||     2
       Distracted        |       |       |     1 |     2 ||     3
       Paralysed         |       |       |       |    25 ||    25
Armor: Leather armour    |    31 |    59 |    17 |    49 ||   156
Dodge: Dodged            |    73 |   100 |    53 |   152 ||   378
Block: Buckler           |       |       |       |    66 ||    66

Table legend: (Time is in decaauts)
 A = Elapsed time spent in this place.
 B = Non-inter-level travel time spent in this place.
 C = Inter-level travel time spent in this place.
 D = Time resting spent in this place.
 E = Time spent auto-exploring this place.
 F = Levels seen in this place.
 G = Mean time per level.
                   A        B        C        D        E       F      G
               +--------+--------+--------+--------+--------+-----+--------+
         Total |  10616 |  10326 |    290 |   2411 |   6263 |  10 | 1061.6 |
       Dungeon |   8772 |   8482 |    290 |   1085 |   6050 |   9 |  974.7 |
        Bailey |   1843 |   1843 |      0 |   1326 |    213 |   1 | 1843.0 |
               +--------+--------+--------+--------+--------+-----+--------+

Top non-repeatable levels by time:
  Bailey: 1843 daAuts
     D:6: 1420 daAuts
     D:2: 1255 daAuts
     D:3: 1030 daAuts
     D:7: 1022 daAuts
     D:8: 1011 daAuts
     D:4: 954 daAuts
     D:5: 820 daAuts
     D:1: 759 daAuts
     D:9: 499 daAuts
